 Dungeon Crawl Stone Soup version 0.20-a0-9-g62d82d9 (webtiles) character file.

669 dobroeutro the Skirmisher (level 7, 0/44 HPs)
             Began as a Gargoyle Fighter on Nov 1, 2016.
             Killed from afar by Dowan (15 damage)
             ... with a stone arrow
             ... on level 4 of the Dungeon.
             The game lasted 00:07:59 (4086 turns).

dobroeutro the Skirmisher (Gargoyle Fighter)        Turns: 4086, Time: 00:08:00

Health: 0/44       AC: 15    Str: 21    XL:     7   Next: 58%
Magic:  7/7        EV: 12    Int:  8    God:
Gold:   172        SH:  9    Dex: 10    Spells: 0 memorised, 6 levels left

rFire  . . .     SeeInvis .     a - +1 flail
rCold  + . .     Gourm    .     b - +0 scale mail
rNeg   + . .     Faith    .     c - +0 shield
rPois  ∞         Spirit   .     t - +0 helmet
rElec  +         Reflect  .     (no cloak)
rCorr  .         Harm     .     r - +0 pair of gloves
MR     .....                    C - +0 pair of boots
Stlth  ..........               (no amulet)
                                F - +4 ring of evasion
                                u - ring of protection from cold

@: glowing
A: negative energy resistance 1, electricity resistance, unbreathing,
petrification resistance, rot immunity, AC +4
a: no special abilities


You were on level 4 of the Dungeon.
You were hungry.

You visited 1 branch of the dungeon, and saw 4 of its levels.

You collected 172 gold pieces.

Inventory:

Hand Weapons
 a - a +1 flail (weapon)
Armour
 b - a +0 scale mail (worn)
 c - a +0 shield (worn)
 r - a +0 pair of gloves (worn)
 t - a +0 helmet (worn)
 B - a +0 cloak
 C - a +0 pair of boots (worn)
Jewellery
 q - an uncursed ring of positive energy
 u - a ring of protection from cold (left hand)
 y - an uncursed ring of protection from fire
 E - an uncursed ring of stealth
 F - a +4 ring of evasion (right hand)
Wands
 D - a wand of heal wounds (6/9)
Scrolls
 e - 5 scrolls of identify {unknown}
 g - a scroll of enchant weapon
 i - 2 scrolls of amnesia
 l - a scroll of noise {unknown}
 n - 2 scrolls of teleportation
 p - a scroll of recharging {unknown}
 s - a scroll of fear {unknown}
 v - 2 scrolls of blinking {unknown}
 z - a scroll of enchant armour {unknown}
Potions
 d - a potion of might
 h - a potion of curing
 j - a potion of mutation {unknown}
 k - 4 potions of haste {unknown}
 o - a potion of lignification {unknown}
 w - a potion of heal wounds {unknown}
 A - a potion of cancellation {unknown}
Comestibles
 f - 3 bread rations
 m - 2 beef jerkies


   Skills:
 + Level 5.4 Fighting
 * Level 5.1 Maces & Flails
 + Level 5.2 Armour
 + Level 2.6 Dodging
 - Level 3.2 Shields


You had 6 spell levels left.
You didn't know any spells.

Dungeon Overview and Level Annotations

Branches:
Dungeon (4/15)
 Temple: D:4-7

Altars:

Annotations:
D:4 Dowan


Innate Abilities, Weirdness & Mutations

You are resistant to torment.
Your stone body is resilient. (AC +4)
You are immune to poison.
You resist negative energy. (rN+)
You are resistant to electric shocks. (rElec)
You can survive without breathing.
You are immune to petrification.
You are immune to rotting.


Message History

Dowan hits you but does no damage. x2
An orc comes into view. It is wielding a club.
Your shield and scale mail prevent you from hitting Dowan.
Dowan is moderately wounded.
The orc shouts!
You block Dowan's attack. Dowan hits you but does no damage.
An orc comes into view. It is wielding a dagger.
You closely miss Dowan.
Dowan is moderately wounded.
The orc shouts!
Dowan casts a spell at you. The stone arrow hits you!
Dowan hits you with a dagger.
* * * LOW HITPOINT WARNING * * *
An orc comes into view. It is wielding a falchion of draining.
You block Dowan's attack.
Dowan gestures wildly while chanting.
Dowan blinks!
Dowan points at you and mumbles some strange words.
The stone arrow hits you!
You die...

..##########.................##
#.............................#
#.............................#
#.......####.................#
#.........#####...............
##....o.o..## ##.............#
##....##.e.#####............#
#....####...###.............
##....# ###@.###........#...
#..e.# ##...##......###..
##...## ##..#.....## ###
##..o.# #.....## #. ##.....###
##...## ##. ##...(....###
###..### #.. ##.......o.e.###
##...###.. #...(..........#
###..#..# ##..............#
##....#


You could see Dowan and 2 orcs.

Vanquished Creatures
  Sigmund (D:4)
  Duvessa (D:4)
  An ice beast (D:3)
  An orc wizard (D:4)
  3 orc priests
  Robin (D:2)
  4 adders
  2 oozes
  2 worms
  2 dart slugs
  2 leopard geckos (D:1)
  11 orcs
  A ball python (D:4)
  8 bats
  A giant cockroach (D:3)
  10 goblins
  11 hobgoblins
  18 jackals
  2 quokkas
  15 frilled lizards
  9 kobolds
  A leopard gecko skeleton (D:4)
  A quokka skeleton (D:3)
  7 rats
115 creatures vanquished.

Notes
Turn   | Place    | Note
-------+----------+-------------------------------------------
     0 | D:1      | dobroeutro the Gargoyle Fighter began the quest for the Orb.
     0 | D:1      | Reached XP level 1. HP: 14/14 MP: 1/1
    42 | D:1      | Reached XP level 2. HP: 18/19 MP: 2/2
   298 | D:1      | Reached XP level 3. HP: 20/23 MP: 3/3
   394 | D:1      | Reached skill level 1 in Dodging
   860 | D:2      | Reached XP level 4. HP: 24/29 MP: 4/4
   878 | D:2      | Noticed Robin
  1023 | D:2      | Killed Robin
  1535 | D:3      | Found a faded altar of an unknown god.
  1593 | D:3      | Reached XP level 5. HP: 33/33 MP: 5/5
  1647 | D:3      | Noticed an ice beast
  2044 | D:3      | Killed an ice beast
  2044 | D:3      | Reached XP level 6. HP: 23/39 MP: 6/6
  2795 | D:4      | Noticed Sigmund
  3002 | D:4      | HP: 2/40 [Sigmund/scythe (3)]
  3009 | D:4      | Killed Sigmund
  3009 | D:4      | Reached skill level 5 in Fighting
  3009 | D:4      | Reached skill level 5 in Armour
  3009 | D:4      | Reached XP level 7. HP: 7/44 MP: 7/7
  3040 | D:4      | Noticed Dowan
  3041 | D:4      | Noticed Duvessa
  4075 | D:4      | Killed Duvessa
  4075 | D:4      | Reached skill level 5 in Maces & Flails
  4086 | D:4      | Killed from afar by Dowan

Vault maps used:
D:1:      lightli_arrival_maybe_door_vault, minmay_misc_feat_tiny,
          minmay_lizard_king
D:2:      minmay_pentomino_u4, uniq_robin
D:3:      ecumenical_altar_1, minmay_door_square, solitary_fountain
D:4:      first_bread, nemelex_xobeh_ov_fountains_minmay, uniq_duvessa,
          uniq_sigmund

Skill      XL: |  1  2  3  4  5  6  7 |
---------------+----------------------+-----
Dodging        | 1 2 |  2.6
Fighting       | 4 5 |  5.4
Maces & Flails | 3 4 5 |  5.1
Armour         | 4 5 |  5.2
Shields        | |  3.2

Action                   |  1- 3 |  4- 6 |  7- 9 || total
-------------------------+-------+-------+-------++-------
Melee: Flail             |   143 |   303 |   112 ||   558
  Use: Potion            |       |     2 |     1 ||     3
       Scroll            |       |       |     3 ||     3
  Eat: Chunk             |       |     7 |     4 ||    11
Armor: Scale mail        |    74 |   180 |    94 ||   348
Dodge: Dodged            |    53 |   103 |    69 ||   225
Block: Shield            |    78 |   142 |    84 ||   304
